AoeStats
← [NICE_ASS] BigMasi

Nomad

507130671Analyzed
2v2 RM · 16d ago on Sep 16, 2026· 37m 26s· 4 players
Game mode
Random Map
Map size
176×176
Population
200
Speed
Normal
Resources
Standard
Victory
Conquest
Starting age
Dark Age
Ending age
Imperial Age
RankedLock teamsTeams togetherTeam positionsShared explorationLock speedFull tech treeHidden civsTurbo modeCheats
Victory
Defeat
🇨🇭 Muisca · Switzerland
1284
+13
🇨🇭 Georgians · Switzerland
1152
+19
🇫🇷 Ethiopians · France
1217
-16
🇮🇹 Italians · Italy
1214
-16
luca1997
4:30 Loom
17:57 Feudal Age
25:59 Castle Age
24:38 Forging
24:29 Scale Mail Armor
25:01 Double-Bit Axe
25:09 Stone Mining
25:09 Gold Mining
26:06 Pikeman
26:47 Squires
28:48 Demolition Ship
29:42 Medium Warships
31:49 Chain Mail Armor
31:36 Padded Archer Armor
31:27 Fletching
35:27 Bodkin Arrow
35:47 Leather Archer Armor
Léon
3:03 Loom
14:25 Feudal Age
19:49 Castle Age
18:28 Padded Archer Armor
19:23 Horse Collar
20:30 Fletching
24:08 Double-Bit Axe
26:53 Scale Mail Armor
30:05 Bodkin Arrow
32:03 Chain Mail Armor
[NICE_ASS] BigMasi
5:06 Loom
14:12 Feudal Age
14:54 Double-Bit Axe
17:08 Gold Mining
20:22 Castle Age
20:05 Padded Archer Armor
19:55 Fletching
22:22 Wheelbarrow
22:46 Bow Saw
25:13 Fishing Lines
26:15 Bodkin Arrow
26:48 Horse Collar
27:10 Town Watch
31:00 Leather Archer Armor
33:32 Imperial Age
31:38 Heavy Plow
31:29 Stone Mining
33:12 Ballistics
33:40 Hand Cart
33:26 Town Patrol
34:39 Conscription
34:44 Conscription
34:35 Huaracas
35:35 Bracer
34:59 Capped Ram
38:12 Masonry
38:07 Siege Engineers
39:04 Chemistry
hanibalX
5:38 Loom
13:33 Feudal Age
14:17 Double-Bit Axe
17:07 Wheelbarrow
19:40 Castle Age
18:13 Forging
18:24 Fishing Lines
19:32 Bloodlines
20:16 Scale Barding Armor
20:46 Gillnets
21:28 Bow Saw
24:04 Fletching
24:53 Bodkin Arrow
24:59 Padded Archer Armor
26:38 Ballistics
26:12 Town Watch
26:47 Elite Skirmisher
30:09 Iron Casting
29:47 Guard Tower
31:17 Masonry
34:06 Svan Towers
36:16 Horse Collar
38:06 Heavy Plow
Connection lost

Rejoining the realm…

Still unreachable

The connection could not be restored.

Session expired

The server has moved on; the page needs a fresh start.